 Dungeon Crawl Stone Soup version 0.30-a0-912-ge10d75a369 (webtiles) character file.

Game seed: 399116957329789758

53 Grim the Conjurer (level 3, -7/19 HPs)
             Began as a Deep Elf Conjurer on Mar 19, 2023.
             Killed by divine providence
             ... invoked by an orc priest
              (11 damage)
             ... on level 3 of the Dungeon.
             The game lasted 00:02:28 (1975 turns).

Grim the Conjurer (Deep Elf Conjurer)               Turns: 1975, Time: 00:02:29

Health: -7/19      AC:  4    Str:  4    XL:     3   Next: 64%
Magic:  4/9        EV: 12    Int: 24    God:
Gold:   138        SH:  0    Dex: 13    Spells: 5/8 levels left

rFire   . . .      SeeInvis .    k - +0 short sword
rCold   . . .      Faith    .    (no shield)
rNeg    . . .      Spirit   .    a - +0 robe
rPois   .          Reflect  .    o - +0 helmet
rElec   .          Rampage  .    s - +0 cloak
rCorr   .                        (no gloves)
Will    .....                    (no boots)
Stlth   ++                       (no amulet)
HPRegen 0.23/turn                (no ring)
MPRegen 0.11/turn                (no ring)

@: no status effects
A: no striking features
a: no special abilities


You were on level 3 of the Dungeon.
You visited 1 branch of the dungeon, and saw 3 of its levels.

You collected 138 gold pieces.

Inventory:

Hand Weapons
 k - a +0 short sword (weapon)
Armour
 a - a +0 robe (worn)
 o - a +0 helmet (worn)
 s - a +0 cloak (worn)
Jewellery
 q - a ring of fire
Wands
 b - a wand of flame (16)
Scrolls
 c - 2 scrolls of poison {unknown}
 d - a scroll of amnesia {unknown}
 e - a scroll of torment {unknown}
 g - 2 scrolls of brand weapon {unknown}
 h - 3 scrolls of teleportation {unknown}
 m - 5 scrolls of identify {unknown}
 v - a scroll of butterflies {unknown}
Potions
 f - 2 potions of heal wounds {unknown}
 i - a potion of lignification {unknown}
 j - a potion of mutation {unknown}
 l - 2 potions of brilliance {unknown}
 n - 2 potions of haste {unknown}
 p - a potion of might {unknown}
 r - 2 potions of attraction {unknown}
 t - a potion of curing {unknown}
 u - a potion of magic


   Skills:
 + Level 1.4 Short Blades
 - Level 2.4 Dodging
 - Level 2.4 Stealth
 - Level 3.0 Spellcasting
 + Level 5.6 Conjurations


You had 5 spell levels left.
You knew the following spells:

 Your Spells              Type           Power      Damage    Failure   Level
a - Magic Dart            Conj           100%       1d8       1%          1
b - Searing Ray           Conj           60%        2d6       1%          2

Your spell library contained the following spells:

 Spells                   Type           Power      Damage    Failure   Level
 Dazzling Flash           Conj/Hex       34%        N/A       11%         3
 Fulminant Prism          Conj/Hex       8%         3d6       34%         4
 Iskenderun's Mystic Bla  Conj/Tloc      17%        2d5       34%         4


Dungeon Overview and Level Annotations

Branches:
Dungeon (3/15)

Altars:
The Shining One

Annotations:
D:3 Grinder


Message History

Aim: a giant cockroach (moderately wounded, 100% to hit)
The magic dart hits the giant cockroach.
You kill the giant cockroach!
Magic restored.
You now have 116 gold pieces (gained 5).
v - a scroll labelled VOMPIL EDYCVY You now have 126 gold pieces (gained 10).
You now have 138 gold pieces (gained 12).
Grinder comes into view.
Grinder shouts!
You hear a shout! x3
An orc priest comes into view. It is wielding a +0 morningstar.
You hear a shout!
Casting: Magic Dart (safe; 1% risk of failure)
Confirm with . or Enter, or press ? or * to list all spells.
Aiming: Searing Ray (safe; 1% risk of failure)
Press: ? - help, Shift-Dir - straight line The searing ray hits Grinder.
Grinder is lightly wounded. (Press . to maintain the ray.) Grinder says, "Wait up."
Grinder blinks!
The orc priest mumbles some strange prayers to Beogh against you.
You barely resist. Grinder gestures at you. Pain shoots through your body!
Okay, then.
The searing ray hits the orc priest!
The orc priest is heavily wounded.
The orc priest mumbles some strange prayers to Beogh against you.
Beogh smites you!
Ouch! That really hurt!
* * * LOW HITPOINT WARNING * * *
The searing ray hits the orc priest.
The orc priest is almost dead.
You finish channelling your searing ray.
The orc priest begins to cast a cantrip, but forgets the words!
The orc priest invokes the aid of Beogh against you.
Beogh smites you!
Ouch! That really hurt!
You die...

##.PP♣ #.♣.P.
###.....
#########.......
..........#....♣
######.###..PP♣
#.####...P
############.........
#.o.@5.......###.....
#.#####..............
#. #.####.######## o.
#.# #.# #.... .#. #.#
#.# #.### #... ..#
#.# # #. ### #.# ..
..# .### ....


You could see Grinder and an orc priest.

Vanquished Creatures
  Robin (D:2)
  An endoplasm (D:1)
  3 giant cockroaches
  9 goblins
  9 hobgoblins
  A quokka (D:1)
  3 bats (D:1)
  2 frilled lizards
  4 kobolds
  3 rats
36 creatures vanquished.

Vanquished Creatures (others)
  A plant (D:3)
1 creature vanquished.

Grand Total: 37 creatures vanquished

Notes
Turn   | Place    | Note
-------+----------+-------------------------------------------
     0 | D:1      | Grim the Deep Elf Conjurer began the quest for the Orb.
     0 | D:1      | Reached XP level 1. HP: 10/10 MP: 6/6
   113 | D:1      | Found a faded altar of an unknown god.
   302 | D:1      | Reached XP level 2. HP: 15/15 MP: 6/8
   353 | D:1      | Reached skill level 5 in Conjurations
   480 | D:1      | Learned a level 2 spell: Searing Ray
  1106 | D:2      | Reached XP level 3. HP: 19/19 MP: 5/9
  1109 | D:2      | Noticed Robin
  1113 | D:2      | Killed Robin
  1114 | D:2      | Reached skill level 1 in Short Blades
  1597 | D:2      | Found a glowing golden altar of the Shining One.
  1968 | D:3      | Noticed Grinder
  1975 | D:3      | Killed from afar by an orc priest

Illustrated notes

Levels and vault maps discovered:
D:1:      dpeg_arrival_boxes_within_box, layout_basic,
          shapermc_ecumenical_altar_mp_urbaneastern
D:2:      layout_basic, basic_altar, uniq_robin
D:3:      layout_loops_ring, serial_forest, infiniplex_forest_clump_diagonal,
          infiniplex_forest_pool, infiniplex_forest_clump_tiny,
          infiniplex_forest_lined_corner, infiniplex_forest_straight_3,
          infiniplex_forest_end_3, infiniplex_forest_clump_C, serial_shops,
          nicolae_lakefront_shop, gammafunk_ghost_nasty_kobolds,
          hangedman_decor_points, grunt_ministairs_9,
          corexii_item_surrounded_by_moat, grunt_decor_cap, uniq_grinder

Skill      XL: |  1  2  3 |
---------------+----------+-----
Conjurations   | 5 |  5.6
Short Blades   | 1 |  1.4
Dodging        | |  2.4
Stealth        | |  2.4
Spellcasting   | |  3.0

Action                     || total
---------------------------++-------
  Melee: Short sword       ||     6
   Cast: Magic Dart        ||    45
         Searing Ray       ||     2
    Use: Potion            ||     1
 Armour: Robe              ||     5
  Dodge: Dodged            ||     3

Table legend: (Time is in decaauts)
 A = Elapsed time spent in this place.
 B = Non-inter-level travel time spent in this place.
 C = Inter-level travel time spent in this place.
 D = Time resting spent in this place.
 E = Time spent auto-exploring this place.
 F = Levels seen in this place.
 G = Mean time per level.
                   A        B        C        D        E       F      G
               +--------+--------+--------+--------+--------+-----+--------+
         Total |   1973 |   1918 |     55 |    107 |   1642 |   3 |  657.7 |
       Dungeon |   1973 |   1918 |     55 |    107 |   1642 |   3 |  657.7 |
               +--------+--------+--------+--------+--------+-----+--------+

Top non-repeatable levels by time:
     D:1: 1056 daAuts
     D:2: 831 daAuts
     D:3: 85 daAuts
